 Dungeon Crawl Stone Soup version 0.23.1 (webtiles) character file.

Game seed: 11648959160566463279

30 DildoBatman the Magician (level 3, 0/24 HPs)
             Began as a Formicid Wizard on Mar 14, 2019.
             Slain by a jackal (1 damage)
             ... on level 1 of the Dungeon.
             The game lasted 00:03:00 (625 turns).

DildoBatman the Magician (Formicid Wizard)           Turns: 625, Time: 00:03:01

Health: 0/24       AC:  3    Str: 11    XL:     3   Next: 37%
Magic:  0/7        EV: 12    Int: 18    God:
Gold:   79         SH:  0    Dex:  9    Spells: 1/8 levels left

rFire    . . .     SeeInvis +   f - +0 short sword
rCold    . . .     Gourm    .   (no shield)
rNeg     . . .     Faith    .   a - +0 robe
rPois    .         Spirit   .   (helmet unavailable)
rElec    .         Reflect  .   (no cloak)
rCorr    .         Harm     .   d - +0 pair of gloves
MR       .....                  (no boots)
Stlth    ++........             (no amulet)
HPRegen  0.08/turn              (no ring)
MPRegen  0.10/turn              (no ring)

@: no status effects
A: permanent stasis, dig shafts and tunnels, four strong arms, antennae 3
a: Dig, Shaft Self


You were on level 1 of the Dungeon.
You were not hungry.

You visited 1 branch of the dungeon, and saw 1 of its levels.

You collected 79 gold pieces.

Inventory:

Hand Weapons
 f - a +0 short sword (weapon)
Missiles
 i - 9 stones (quivered)
Armour
 a - a +0 robe (worn)
 d - a +0 pair of gloves (worn)
Scrolls
 b - a scroll of enchant weapon {unknown}
 j - a scroll of magic mapping {unknown}
 k - a scroll of remove curse {unknown}
Potions
 e - a potion of haste {unknown}
 g - 3 potions of curing {unknown}
 h - a potion of brilliance {unknown}
Comestibles
 c - 7 chunks of flesh
 v - 2 rations


   Skills:
 - Level 1.7 Dodging
 - Level 2.4 Stealth
 - Level 3.2 Spellcasting
 * Level 2.7 Conjurations
   Level 1.0 Summonings
   Level 0.8 Translocations


You had one spell level left.
You knew the following spells:

 Your Spells              Type           Power        Failure   Level  Hunger
a - Conjure Flame         Conj/Fire      #.......     26%         3    ###....
c - Magic Dart            Conj           ##..         4%          1    None
e - Mephitic Cloud        Conj/Pois/Air  #.......     32%         3    ###....

Your spell library contained the following spells:

 Spells                   Type           Power        Failure   Level  Hunger
 Call Imp                 Summ           #.......     16%         2    ##.....
 Slow                     Hex            #.......     24%         2    ##.....
 Blink                    Tloc           Unusable     N/A         2    N/A

Dungeon Overview and Level Annotations

Branches:
Dungeon (1/15)

Altars:


Innate Abilities, Weirdness & Mutations

You cannot be hasted, slowed, berserked, paralysed or teleported.
You can dig through walls and to a lower floor.
Your four strong arms can wield two-handed weapons with a shield.
You have a pair of large antennae on your head. (SInv)


Message History

The ooze is almost dead.
The ooze misses you.
Casting: Magic Dart (safe; 5% risk of failure)
Confirm with . or Enter, or press ? or * to list all spells.
You don't have enough magic to cast that spell.
You completely miss the ooze.
The ooze is almost dead.
The ooze closely misses you.
Casting: Magic Dart (safe; 5% risk of failure)
Confirm with . or Enter, or press ? or * to list all spells.
You don't have enough magic to cast that spell.
You hit the ooze.
You kill the ooze!
The bat closely misses you.
Casting: Magic Dart (safe; 4% risk of failure)
Confirm with . or Enter, or press ? or * to list all spells.
You don't have enough magic to cast that spell.
The bat barely misses you. The jackal bites you. x2
You die...

....#....# ....# .........###
..... ....#......#########
...... ..#................##
...>.[
#.###...........##..###.....#
#..##..............>........##
##.##...........##.†.........#
##.##....#####..h..b#.........
...##......###.#@#####........
...###.........##.#####....?..
.....#..÷.............##...##
.÷.........÷............#.##
..#.##..............).#.#.#
..#.##................#.#.###..
.÷#.##...........).............
.......##...............#.###..
.##.##....#...........#.#.#


You could see a jackal and a bat.

Vanquished Creatures
  An ooze (D:1)
  A dart slug (D:1)
  A giant cockroach (D:1)
  2 hobgoblins (D:1)
  3 jackals (D:1)
  3 kobolds (D:1)
  4 bats (D:1)
  2 frilled lizards (D:1)
  3 goblins (D:1)
  5 rats (D:1)
25 creatures vanquished.

Notes
Turn   | Place    | Note
-------+----------+-------------------------------------------
     0 | D:1      | DildoBatman the Formicid Wizard began the quest for the
                  | Orb.
     0 | D:1      | Reached XP level 1. HP: 13/13 MP: 4/4
    38 | D:1      | Reached skill level 1 in Conjurations
   139 | D:1      | Reached XP level 2. HP: 9/19 MP: 1/6
   523 | D:1      | Reached XP level 3. HP: 18/24 MP: 1/7
   528 | D:1      | Learned a level 3 spell: Conjure Flame
   532 | D:1      | Learned a level 3 spell: Mephitic Cloud
   625 | D:1      | HP: 1/24 [jackal (3)]
   625 | D:1      | Slain by a jackal

Skill      XL: |  1  2 |
---------------+-------+-----
Conjurations   | 1 2 |  2.7
Dodging        | |  1.7
Stealth        | |  2.4
Spellcasting   | |  3.2
Summonings     | |  1.0
Translocations | |  0.8

Action                   || total
-------------------------++-------
Melee: Unarmed           ||     3
       Club              ||     7
       Short sword       ||    16
 Cast: Magic Dart        ||    53
 Abil: Dig               ||     4
Armor: Robe              ||    10
Dodge: Dodged            ||    29
